 Dungeon Crawl Stone Soup version 0.21.1-1-g345015f (webtiles) character file.

39 Mirai the Magician (level 3, -1/19 HPs)
             Began as a Deep Elf Conjurer on Mar 29, 2018.
             Slain by Robin
             ... wielding a +0 trident
              (6 damage)
             ... on level 2 of the Dungeon.
             The game lasted 00:02:29 (1135 turns).

Mirai the Magician (Deep Elf Conjurer)              Turns: 1135, Time: 00:02:29

Health: -1/19      AC:  2    Str:  5    XL:     3   Next: 26%
Magic:  1/11       EV: 13    Int: 20    God:
Gold:   39         SH:  0    Dex: 15    Spells: 9/12 levels left

rFire    . . .     SeeInvis .   q - +0 quarterstaff (curse)
rCold    . . .     Gourm    .   (shield currently unavailable)
rNeg     . . .     Faith    .   a - +0 robe
rPois    .         Spirit   .   (no helmet)
rElec    .         Reflect  .   (no cloak)
rCorr    .         Harm     .   (no gloves)
MR       .....                  (no boots)
Stlth    ++........             (no amulet)
HPRegen  0.06/turn              (no ring)
MPRegen  0.12/turn              (no ring)

@: very slightly contaminated
A: no striking features
a: no special abilities


You were on level 2 of the Dungeon.
You were hungry.

You visited 1 branch of the dungeon, and saw 2 of its levels.

You collected 39 gold pieces.

Inventory:

Hand Weapons
 q - a cursed +0 quarterstaff (weapon)
Armour
 a - a +0 robe (worn)
Jewellery
 f - an uncursed ring of ice {unknown}
Scrolls
 d - 6 scrolls of identify {unknown}
 e - a scroll of enchant weapon {unknown}
 j - 2 scrolls of magic mapping {unknown}
 k - a scroll of teleportation {unknown}
Potions
 g - a potion of haste {unknown}
 h - a potion of might {unknown}
 i - 2 potions of heal wounds {unknown}
 l - a potion of cancellation {unknown}
 m - a potion of agility {unknown}
 o - a potion of brilliance {unknown}
Books
 b - a book of Conjurations

   Spells                             Type                      Level
   a - Magic Dart                     Conjuration                  1
   b - Searing Ray                    Conjuration                  2
   c - Dazzling Spray                 Conjuration/Hexes            3
   d - Fulminant Prism                Conjuration/Hexes            4
   e - Force Lance                    Conjuration/Translocation    4
   f - Iskenderun's Mystic Blast      Conjuration                  4
Comestibles
 c - 2 rations
 p - 7 chunks of flesh


   Skills:
 - Level 2.4 Dodging
 - Level 2.4 Stealth
 + Level 5.2 Spellcasting
 - Level 4.3 Conjurations


You had 9 spell levels left.
You knew the following spells:

 Your Spells              Type           Power        Failure   Level  Hunger
a - Magic Dart            Conj           ###.         1%          1    None
b - Searing Ray           Conj           ###...       2%          2    None


Dungeon Overview and Level Annotations

Branches:
Dungeon (2/15)

Altars:

Annotations:
D:2 Robin


Message History

Aiming: Searing Ray
Press: ? - help, Shift-Dir - straight line, f - Robin
Aim: Robin, wielding a trident, wearing an animal skin and wearing a helmet (heavily wounded)
You miscast Searing Ray.
You are very lightly contaminated with residual magic.
Nothing appears to happen.
The goblin hits you but does no damage. Robin barely misses you.
The goblin hits you with a dagger.
Casting: Searing Ray
Confirm with . or Enter, or press ? or * to list all spells.
You don't have enough magic to cast that spell.
Robin hits you with a trident!
* * * LOW HITPOINT WARNING * * *
The goblin misses you.
Things that are here:
a club; 2 gold pieces You hit Robin but do no damage.
Robin is heavily wounded.
Robin barely misses you. The goblin misses you. Robin hits you with a trident.
You die...

#......#......#
#...$..#......#
####'#...##......#
.......).##......#########
.......†##....).'...(....
......$g.#......#########
#...........#
#..#####'####
#..g@g.#.############
######.#.#...........
.#)#.##########
.#)#.#...#.###
.#.#.#.#.#<..#
.#.#.#.#.###.#
.#)#.........#
<#)############
#((...........


You could see Robin and a goblin.

Vanquished Creatures
  An ooze (D:1)
  A worm (D:2)
  A ball python (D:2)
  3 bats (D:1)
  A giant cockroach (D:2)
  7 goblins (D:2)
  7 hobgoblins
  A kobold (D:1)
  A quokka (D:2)
  A frilled lizard (D:1)
  3 rats (D:1)
27 creatures vanquished.

Notes
Turn   | Place    | Note
-------+----------+-------------------------------------------
     0 | D:1      | Mirai the Deep Elf Conjurer began the quest for the Orb.
     0 | D:1      | Reached XP level 1. HP: 10/10 MP: 6/6
   224 | D:1      | Reached skill level 4 in Spellcasting
   224 | D:1      | Reached XP level 2. HP: 15/15 MP: 7/9
   230 | D:1      | Learned a level 2 spell: Searing Ray
   965 | D:2      | Noticed Robin
   992 | D:2      | Reached XP level 3. HP: 12/19 MP: 2/11
  1087 | D:2      | Reached skill level 5 in Spellcasting
  1135 | D:2      | Slain by Robin

Skill      XL: |  1  2  3 |
---------------+----------+-----
Spellcasting   | 4 5 |  5.2
Dodging        | |  2.4
Stealth        | |  2.4
Conjurations   | |  4.3

Action                   || total
-------------------------++-------
Melee: Quarterstaff      ||     2
       Hand axe          ||     1
       Unarmed           ||     1
 Cast: Magic Dart        ||    39
       Searing Ray       ||     5
Armor: Robe              ||     5
Dodge: Dodged            ||    23
